 Dungeon Crawl Stone Soup version 0.18.1-5-g4a78601 (webtiles) character file.

140205 striepan the Warrior (level 16, -1/162 HPs)
             Began as a Minotaur Gladiator on May 10, 2016.
             Was the Champion of Okawaru.
             Slain by a snapping turtle (22 damage)
             ... on level 3 of the Shoals on May 13, 2016.
             The game lasted 06:27:55 (34880 turns).

striepan the Warrior (Minotaur Gladiator)          Turns: 34880, Time: 06:27:55

Health: -1/162     AC: 19    Str: 25    XL:     16   Next: 75%
Magic:  17/20      EV: 39    Int:  5    God:    Okawaru [******]
Gold:   2184       SH:  0    Dex: 32    Spells: 0 memorised, 15 levels left

rFire  . . .     SeeInvis +     r - +8 great sword "Foytush" {slice, Dex+5}
rCold  + . .     Gourm    .     a - +4 troll leather armour
rNeg   + . .     Faith    .     (shield currently unavailable)
rPois  +         Spirit   .     b - +1 hat {rC+}
rElec  .         Dismiss  +     g - +2 cloak {rPois}
rCorr  .         Reflect  .     t - +2 pair of gloves
SustAt .         Harm     .     F - +2 pair of boots {Stlth+}
MR     +....                    s - amulet "Arghu" {Dismiss rPois rN+ MP-9 Str+2}
Stlth  +++++.....               S - ring of see invisible
                                J - ring of the Coward {+Fly MP+9 Dex+4}

@: mighty, agile, about to teleport, afraid, finesse, marked, mesmerised,
studying Dodging, somewhat resistant to hostile enchantments, quite stealthy
A: retaliatory headbutt, horns 2, weak 1
a: Heroism, Finesse, Renounce Religion, Evoke Flight


You were on level 3 of the Shoals.
You worshipped Okawaru.
Okawaru was exalted by your worship.
You were not hungry.

You visited 5 branches of the dungeon, and saw 29 of its levels.
You also visited: Labyrinth, Ossuary and Ice Cave.

You collected 3518 gold pieces.
You spent 1334 gold pieces at shops.

Inventory:

Hand Weapons
 r - the +8 great sword "Foytush" (weapon) {slice, Dex+5}
   (Okawaru gifted it to you on level 8 of the Lair of Beasts)

   It inflicts extra damage upon your enemies.
   It affects your dexterity (+5).
 y - the +7 triple sword of Qauregh {venom, rPois rF+}
   (Okawaru gifted it to you on level 11 of the Dungeon)

   It poisons the flesh of those it strikes.
   It protects you from fire.
   It protects you from poison.
 I - a +0 rapier
Missiles
 c - 17 javelins of returning (quivered)
 e - 7 throwing nets
 h - 8 silver javelins
 V - 8 poisoned javelins
Armour
 a - a +4 troll leather armour (worn)
 b - a +1 hat of cold resistance (worn)
 g - a +2 cloak of poison resistance (worn)
 t - a +2 pair of gloves (worn)
 B - a +1 pair of gloves of cold resistance
 F - a +2 pair of boots of stealth (worn)
 P - the +2 leather armour of Minor Irritation {rPois}
   (You found it on level 12 of the Dungeon)

   It protects you from poison.
 X - a +0 leather armour of fire resistance
 Y - a +0 cloak of invisibility
Jewellery
 s - the amulet "Arghu" (around neck) {Dismiss rPois rN+ MP-9 Str+2}
   (You found it in a labyrinth)

   [amulet of dismissal]

   It may teleport away creatures that harm you.
   It affects your strength (+2).
   It protects you from poison.
   It protects you from negative energy.
   It affects your magic capacity (-9).
 J - the ring of the Coward (left hand) {+Fly MP+9 Dex+4}
   (You found it in an ossuary)

   [ring of flight]

   It affects your dexterity (+4).
   It affects your magic capacity (+9).
   It lets you fly.
 R - the ring "Wihuot" {rCorr MP-9 Int+8}
   (You found it in a labyrinth)

   [ring of resist corrosion]

   It affects your intelligence (+8).
   It affects your magic capacity (-9).
 S - a ring of see invisible (right hand)
 U - an uncursed ring of protection from fire
Wands
 d - a wand of paralysis (6/24)
 u - a wand of acid (8/15)
 z - a wand of flame (27/48)
 E - a wand of enslavement (20/24)
 O - a wand of disintegration (14/24)
Scrolls
 f - a scroll of enchant weapon
 j - 3 scrolls of fear
 m - 9 scrolls of blinking
 n - 3 scrolls of identify
 p - 2 scrolls of recharging
 x - 13 scrolls of remove curse
 H - a scroll of summoning
 L - 9 scrolls of teleportation
 Q - 5 scrolls of magic mapping
 Z - 4 scrolls of fog
Potions
 i - 5 potions of curing
 k - 4 potions of might
 l - 4 potions of heal wounds
 o - a potion of magic
 v - 5 potions of haste
 A - 2 potions of invisibility
 C - 2 potions of agility
 D - 5 potions of flight
 M - 3 potions of brilliance
 N - a potion of cure mutation
 W - 2 potions of berserk rage
Books
 G - a manual of Dodging
Miscellaneous
 T - a lamp of fire
Comestibles
 q - 10 meat rations
 w - 20 bread rations
 K - 33 fruits


   Skills:
 - Level 20.0 Fighting
 - Level 19.1 Long Blades
 - Level 2.0 Throwing
 - Level 5.0 Armour
 + Level 18.5 Dodging
 - Level 1.3 Stealth
 - Level 7.0 Invocations


You had 15 spell levels left.
You didn't know any spells.

Dungeon Overview and Level Annotations

Branches:
Dungeon (15/15)            Temple (1/1) D:6            Lair (8/8) D:9
 Shoals (3/4) Lair:6        Snake (0/4) Lair:5        Slime (0/6) Lair:6
    Orc (2/2) D:12            Elf (0/3) Orc:2        Vaults (0/5) D:13
 Depths: D:15

Altars:
Ashenzari
Cheibriados
Dithmenos
Elyvilon
Fedhas
Gozag
Kikubaaqudgha
Makhleb
Nemelex Xobeh
Okawaru
Pakellas
Qazlal
Ru
Sif Muna
Trog
Xom
Yredelemnul
The Shining One
Beogh
Jiyva

Shops:
D:4 *   D:6 ?   D:8 [   Orc:2 [([*

Portals:
Trove: D:11 (give +6 demon trident)


Innate Abilities, Weirdness & Mutations

You reflexively headbutt those who attack you in melee.
You have a pair of horns on your head.
You are weak. (Str -2)


Message History

The centaur unwields an uncursed shortbow.
The centaur misses you. You furiously retaliate!
You headbutt the centaur!
The merfolk avatar chants its luring song. x2
The snapping turtle completely misses you. x2
The centaur completely misses you. You furiously retaliate!
You headbutt the centaur!
You kill the centaur!
Okawaru accepts your kill.
The satyr shoots an arrow.
The arrow completely misses you.
You hear a splash.
The faun no longer looks unusually strong.
The merfolk no longer looks unusually strong.
The snapping turtle no longer looks unusually strong.
The merfolk avatar chants its luring song.
The manticore bites you!!
* * * LOW HITPOINT WARNING * * *
The manticore completely misses you. The manticore misses you.
The snapping turtle closely misses you.
The snapping turtle bites you from afar!!
You die...

≈≈≈≈≈≈≈≈≈≈≈≈≈≈≈≈≈≈≈
≈≈≈≈≈≈≈≈≈≈≈≈≈≈≈≈≈≈≈(≈≈≈≈
≈≈≈≈≈≈≈≈≈≈≈≈≈≈≈(≈≈≈≈≈≈≈≈
≈≈≈≈≈≈≈≈≈≈≈≈≈..≈≈≈≈≈≈.≈≈
≈≈≈≈≈≈≈≈≈≈≈........≈≈≈≈≈
≈≈≈≈≈≈≈≈≈≈≈....<......≈≈
≈≈≈≈≈..≈....)..(.≈)≈..(≈
≈≈≈≈≈.m...((†(....≈≈.%((
≈≈≈≈..c@.m.†()(......##)
≈....EHmc.)....#.##.####
≈..≈≈≈≈ctt.).######## #
≈..≈..ccm##### ###
≈..(....## #..
≈≈...##..# #.. .....
##.# ##. ....#........#
#. ≈≈.......!.≈.# #..


You could see 2 merfolk avatars, a satyr, 2 snapping turtles, a merfolk, 4
fauns, a manticore, a water elemental and a siren.

Vanquished Creatures
  Maud (Lair:4)
  The ghost of NicuTudor the Severer, a journeyman HOFi of Makhleb (Lair:5)
  The ghost of Bubs the Blocker, a journeyman FoFi of Qazlal (D:12)
  Snorg (D:13)
  2 merfolk javelineers
  2 blizzard demons (IceCv)
  A minotaur (Lab)
  Harold (D:11)
  8 hydras
  A centaur warrior (D:14)
  2 merfolk aquamancers (Shoals:3)
  An ogre mage (D:15)
  2 dancing weapons
  Erolcha (D:11)
  A queen ant (Lair:2)
  16 death yaks
  5 orc high priests (Orc:2)
  A storm dragon zombie (D:12)
  The ghost of sergedm the Eclecticist, a journeyman DECj of Vehumet (D:13)
  The ghost of oplop the Transmogrifier, a novice OpTm of Cheibriados (D:10)
  6 sea snakes
  3 storm dragon skeletons (D:12)
  8 hill giants
  A necromancer (D:12)
  An orc sorcerer (Orc:1)
  6 orc knights
  3 deep elf magi
  11 ugly things
  The ghost of ilikecats the Basher, a novice TeCj of Elyvilon (D:8)
  5 griffons
  4 harpies (Shoals:1)
  6 cyclopes
  7 manticores
  5 fauns
  14 elephants
  2 molten gargoyles (D:11)
  10 black mambas
  2 ice statues (IceCv)
  2 water nymphs
  4 sirens (Shoals:1)
  2 centaur skeletons
  A gargoyle (D:12)
  A storm dragon simulacrum (D:12)
  19 spiny frogs
  7 rime drakes
  6 komodo dragons
  A tengu conjurer (D:10)
  13 ice devils (IceCv)
  2 efreet (D:13)
  A redback zombie (D:15)
  16 merfolk
  3 giant leeches (Lair:8)
  5 trolls
  A minotaur skeleton (Lab)
  Grinder (D:6)
  4 wind drakes
  18 blink frogs (Lair:8)
  A hornet zombie (D:13)
  2 boulder beetles (Lair:8)
  4 two-headed ogres
  4 snapping turtles
  7 slime creatures
  3 wyverns
  11 water elementals
  Eustachio (D:6)
  2 redbacks (Lab)
  3 basilisks
  75 yaks
  2 steam dragons
  11 hippogriffs
  4 hungry ghosts
  3 wargs
  9 vampire mosquitoes
  6 swamp worms (Lair:3)
  21 soldier ants
  A naga (Lair:5)
  10 water moccasins
  28 orc warriors
  11 porcupines
  3 ice beasts
  A sky beast (D:14)
  4 phantoms
  A wasp (D:8)
  2 eyes of draining
  3 necrophages
  17 ogres
  9 wolves
  6 centaurs
  16 crocodiles
  Blork the orc (D:6)
  2 big kobolds
  36 giant frogs
  2 wyvern zombies
  A water moccasin zombie (D:10)
  A wyvern skeleton (D:9)
  14 scorpions
  6 killer bees (D:14)
  10 wights
  2 howler monkeys (D:11)
  5 electric eels (Lair:8)
  5 lava snakes (D:11)
  8 centaur zombies
  6 crimson imps
  A giant frog zombie (D:10)
  A human zombie (Ossuary)
  2 quasits
  9 hounds
  4 jellies
  3 gnoll shamans (D:6)
  31 orc priests
  11 iguanas
  12 orc wizards
  28 worker ants
  7 sheep
  2 hound skeletons
  3 mummies (Ossuary)
  10 gnolls
  50 river rats
  8 adders
  3 scorpion zombies (Ossuary)
  6 shadow imps
  20 white imps
  7 ufetubi (IceCv)
  An ooze (D:5)
  2 adder skeletons
  14 worms
  2 dart slugs (D:1)
  7 giant geckos
  65 orcs
  2 ball pythons
  3 giant cockroaches
  15 goblins
  23 hobgoblins
  2 jackals (D:3)
  17 kobolds
  4 quokkas
  9 bats
  2 giant newts
  2 gnoll zombies (Ossuary)
  2 goblin zombies (Ossuary)
  2 hobgoblin zombies (Ossuary)
  2 kobold zombies (Ossuary)
  A quokka skeleton (D:5)
  A quokka zombie (D:9)
  5 rats
  A fungus (Lair:8)
  A plant (Lair:8)
1035 creatures vanquished.

Vanquished Creatures (others)
  A merfolk (Shoals:3)
  A howler monkey (D:11)
  A white imp (IceCv)
  An ufetubus (IceCv)
  An orc zombie (Ossuary)
  A bush (Lair:8)
  16 fungi
  36 plants
58 creatures vanquished.

Grand Total: 1093 creatures vanquished

Notes
Turn   | Place    | Note
--------------------------------------------------------------
     0 | D:1      | striepan the Minotaur Gladiator began the quest for the Orb.
     0 | D:1      | Reached XP level 1. HP: 18/18 MP: 0/0
   121 | D:1      | Reached XP level 2. HP: 22/25 MP: 1/1
   735 | D:2      | Reached skill level 5 in Long Blades
   823 | D:2      | Reached XP level 3. HP: 30/30 MP: 2/2
  1360 | D:3      | Found an ancient bone altar of Kikubaaqudgha.
  1499 | D:3      | Reached XP level 4. HP: 27/37 MP: 3/3
  1825 | D:3      | Reached skill level 3 in Fighting
  1830 | D:3      | Reached XP level 5. HP: 26/46 MP: 4/4
  2127 | D:3      | Reached skill level 4 in Fighting
  2201 | D:4      | Reached skill level 1 in Armour
  2415 | D:4      | Reached XP level 6. HP: 34/52 MP: 5/5
  2658 | D:4      | Reached skill level 5 in Fighting
  2742 | D:4      | Found Cach's General Store.
  2936 | D:5      | Entered Level 5 of the Dungeon
  2936 | D:5      | Found a sand-covered staircase.
  2941 | D:5      | Reached skill level 6 in Fighting
  2941 | D:5      | Reached XP level 7. HP: 60/63 MP: 6/6
  3038 | Ossuary  | Entered an ossuary
  3592 | Ossuary  | Got a flickering lead ring
  3597 | Ossuary  | Identified the ring of the Coward {+Fly MP+9 Dex+4} (You found it in an ossuary)
  3717 | D:5      | Reached skill level 7 in Fighting
  3722 | D:5      | Reached XP level 8. HP: 58/73 MP: 7/7
  3738 | D:5      | Found a stormy altar of Qazlal.
  4044 | D:5      | Found a sparkling altar of Nemelex Xobeh.
  4056 | D:5      | Reached skill level 8 in Fighting
  4121 | D:6      | Noticed Grinder
  4135 | D:6      | Killed Grinder
  4135 | D:6      | Reached skill level 10 in Long Blades
  4265 | D:6      | Noticed Blork the orc
  4274 | D:6      | Killed Blork the orc
  4295 | D:6      | Found a shadowy altar of Dithmenos.
  4329 | D:6      | Found a staircase to the Ecumenical Temple.
  4337 | Temple   | Entered the Ecumenical Temple
  4414 | Temple   | Became a worshipper of Warmaster Okawaru
  4751 | D:6      | Reached skill level 5 in Dodging
  4930 | D:6      | Noticed Eustachio
  4941 | D:6      | Killed Eustachio
  4941 | D:6      | Reached * piety under Okawaru
  4962 | D:6      | Found Ohoess's Magic Scroll Emporium.
  5067 | D:6      | Reached XP level 9. HP: 38/81 MP: 8/8
  5410 | D:6      | Reached skill level 1 in Invocations
  6092 | D:7      | Got a crude falchion
  6093 | D:7      | Identified the +5 falchion of Dithmenos's Reproof {elec, Str+2} (You found it on level 7 of the Dungeon)
  6203 | D:7      | Found a white marble altar of Elyvilon.
  6597 | D:7      | Found a basalt altar of Yredelemnul.
  6736 | D:8      | Found a blossoming altar of Fedhas.
  6790 | D:8      | Noticed ilikecats's ghost (novice TeCj)
  6795 | D:8      | Killed ilikecats's ghost
  6795 | D:8      | Reached skill level 9 in Fighting
  6807 | D:8      | Reached skill level 10 in Fighting
  6950 | D:8      | Found Onigew's Antique Armour Shoppe.
  6988 | D:8      | Bought a shiny scale mail for 124 gold pieces
  6988 | D:8      | Bought an embroidered cloak for 139 gold pieces
  7162 | D:8      | Reached ** piety under Okawaru
  7385 | D:9      | Noticed a troll
  7392 | D:9      | Killed a troll
  7468 | D:9      | Found a shimmering altar of Xom.
  7580 | D:9      | Reached skill level 5 in Armour
  7580 | D:9      | Reached XP level 10. HP: 93/93 MP: 9/9
  7586 | D:9      | Found a sacrificial altar of Ru.
  7734 | D:9      | Found a staircase to the Lair.
  7768 | D:10     | Entered Level 10 of the Dungeon
  7792 | D:10     | Noticed a purple ugly thing
  7923 | D:10     | Killed a purple ugly thing
  7923 | D:10     | Reached *** piety under Okawaru
  8070 | D:10     | Noticed oplop's ghost (novice OpTm)
  8115 | D:10     | Killed oplop's ghost
  8115 | D:10     | Reached skill level 11 in Fighting
  8255 | D:10     | Reached **** piety under Okawaru
  8340 | D:10     | Reached skill level 12 in Fighting
  8666 | D:11     | Noticed a molten gargoyle
  8719 | D:11     | Noticed a cyclops
  8726 | D:11     | Killed a cyclops
  8922 | D:11     | Reached ***** piety under Okawaru
  8922 | D:11     | Reached XP level 11. HP: 97/103 MP: 10/10
  8950 | D:11     | Noticed a hill giant
  8959 | D:11     | Killed a hill giant
  8959 | D:11     | Received a gift from Okawaru
  8961 | D:11     | Got a crude triple sword {god gift}
  8963 | D:11     | Identified the +7 triple sword of Qauregh {venom, rPois rF+} (Okawaru gifted it to you on level 11 of the Dungeon)
  9008 | D:11     | Found a portal to a secret trove of treasure.
  9078 | D:11     | Noticed Harold
  9095 | D:11     | Killed Harold
  9140 | D:11     | Noticed a hill giant
  9145 | D:11     | Killed a hill giant
  9536 | D:11     | Noticed Erolcha
  9541 | D:11     | Killed Erolcha
  9549 | D:11     | Found a shattered altar of Ashenzari.
 10096 | D:12     | Noticed a brown ugly thing
 10108 | D:12     | Killed a brown ugly thing
 10162 | D:12     | Noticed a hill giant
 10167 | D:12     | Killed a hill giant
 10167 | D:12     | Reached skill level 15 in Long Blades
 10189 | D:12     | Reached skill level 5 in Invocations
 10206 | D:12     | Received a gift from Okawaru
 10222 | D:12     | Found a staircase to the Orcish Mines.
 10237 | D:12     | Noticed a hill giant
 10238 | D:12     | Killed a hill giant
 10249 | D:12     | Noticed a four-headed hydra
 10251 | D:12     | Found a labyrinth entrance.
 10255 | D:12     | Killed a six-headed hydra
 10258 | D:12     | Noticed Bubs's ghost (journeyman FoFi)
 10268 | D:12     | Killed Bubs's ghost
 10268 | D:12     | Reached XP level 12. HP: 72/111 MP: 14/14
 10303 | Lab      | Entered a labyrinth
 11068 | Lab      | Noticed a minotaur
 11073 | Lab      | Killed a minotaur
 11146 | Lab      | Got a warped crystal amulet
 11146 | Lab      | Got a heavily runed platinum ring
 11154 | Lab      | Identified a +5 rod of clouds (14/14) (You found it in a labyrinth)
 11155 | Lab      | Identified a +9 rod of inaccuracy (12/12) (You found it in a labyrinth)
 11189 | Lab      | Identified the amulet "Arghu" {Dismiss rPois rN+ MP-9 Str+2} (You found it in a labyrinth)
 11191 | Lab      | Identified the ring "Wihuot" {rCorr MP-9 Int+8} (You found it in a labyrinth)
 11202 | Lab      | Got a faintly glowing plate armour
 11237 | D:12     | Identified the +7 plate armour of Ruew {rCorr MP+9 Str+4 Dex-4} (You found it in a labyrinth)
 11810 | D:12     | Received a gift from Okawaru
 11886 | D:12     | Reached skill level 13 in Fighting
 12128 | D:12     | Reached ****** piety under Okawaru
 12128 | D:12     | Received a gift from Okawaru
 12517 | D:13     | Received a gift from Okawaru
 12517 | D:13     | Reached skill level 14 in Fighting
 12997 | D:13     | Noticed Snorg
 12999 | D:13     | Reached skill level 15 in Fighting
 13579 | D:13     | Noticed sergedm's ghost (journeyman DECj)
 13609 | D:13     | Killed sergedm's ghost
 13609 | D:13     | Reached XP level 13. HP: 126/126 MP: 15/15
 13737 | D:13     | Found a gate to the Vaults.
 14183 | D:13     | Killed Snorg
 14500 | D:14     | Reached skill level 10 in Dodging
 14615 | D:14     | Received a gift from Okawaru
 15054 | D:13     | Found a gate to the Vaults.
 15520 | D:14     | Got a warped buckler {god gift}
 15536 | D:14     | Identified the +2 buckler of the Komtur {rC+} (Okawaru gifted it to you on level 14 of the Dungeon)
 16421 | D:15     | Entered Level 15 of the Dungeon
 16886 | D:15     | Received a gift from Okawaru
 17216 | Lair:1   | Entered Level 1 of the Lair of Beasts
 17620 | Lair:1   | Reached XP level 14. HP: 126/134 MP: 16/16
 18302 | Lair:2   | Received a gift from Okawaru
 19272 | Lair:3   | Received a gift from Okawaru
 19273 | Lair:3   | Got a bloodstained great sword {god gift}
 19274 | Lair:3   | Identified the +7 great sword "Ugile" {slice, rC+ Int+4} (Okawaru gifted it to you on level 3 of the Lair of Beasts)
 20675 | Lair:4   | Noticed Maud
 20683 | Lair:4   | Killed Maud
 20944 | Lair:4   | Reached skill level 16 in Fighting
 21205 | Lair:5   | Received a gift from Okawaru
 21207 | Lair:5   | Got a pair of twisted gloves {god gift}
 21222 | Lair:5   | Identified the -5 pair of gloves "Pidaiwash" {rN+ MP-9 Stlth+} (Okawaru gifted it to you on level 5 of the Lair of Beasts)
 21249 | Lair:3   | Got an ominously black robe
 21260 | Lair:3   | Identified the cursed -5 robe of Misfortune {-Cast *Contam *Tele EV-4 Str-2 Int-2 Dex-2 Stlth-- *Curse} (You found it on level 3 of the Lair of Beasts)
 21303 | Lair:5   | Gained mutation: You are weak. (Str -2) [mutagenic glow]
 21369 | Lair:5   | Found a staircase to the Snake Pit.
 21761 | Lair:5   | Noticed NicuTudor's ghost (journeyman HOFi)
 21772 | Lair:5   | Killed NicuTudor's ghost
 23058 | Lair:5   | Found a staircase to the Snake Pit.
 24588 | D:12     | Got an encrusted leather armour
 24599 | D:12     | Identified the +2 leather armour of Minor Irritation {rPois} (You found it on level 12 of the Dungeon)
 25438 | Lair:6   | Found a staircase to the Shoals.
 25604 | Lair:6   | Found a viscous altar of Jiyva.
 25605 | Lair:6   | Found a staircase to the Slime Pits.
 26658 | Lair:7   | Reached XP level 15. HP: 128/145 MP: 6/19
 27135 | Lair:7   | Reached skill level 17 in Fighting
 27177 | Lair:7   | Received a gift from Okawaru
 27177 | Lair:7   | Reached skill level 1 in Stealth
 27213 | Lair:7   | Got a silken robe
 27224 | Lair:7   | Identified the +1 robe "Nesatik" {+Inv} (You found it on level 7 of the Lair of Beasts)
 27785 | Lair:8   | Entered Level 8 of the Lair of Beasts
 28228 | Lair:8   | Received a gift from Okawaru
 28239 | Lair:8   | Got a shimmering great sword {god gift}
 28240 | Lair:8   | Identified the +8 great sword "Foytush" {slice, Dex+5} (Okawaru gifted it to you on level 8 of the Lair of Beasts)
 28497 | Lair:8   | Reached skill level 18 in Fighting
 29311 | Lair:8   | Received a gift from Okawaru
 29341 | Lair:8   | Reached skill level 19 in Fighting
 30165 | D:12     | Received a gift from Okawaru
 30168 | D:12     | Got a smoking great sword {god gift}
 30169 | D:12     | Identified the +7 great sword of Ikhoh {venom, rPois} (Okawaru gifted it to you on level 12 of the Dungeon)
 30191 | Orc:1    | Entered Level 1 of the Orcish Mines
 30263 | Orc:2    | Entered Level 2 of the Orcish Mines
 30307 | Orc:2    | Found a staircase to the Elven Halls.
 30453 | Orc:1    | Found a roughly hewn altar of Beogh.
 30683 | Orc:1    | Reached skill level 15 in Dodging
 31327 | Orc:1    | Reached XP level 16. HP: 131/160 MP: 20/20
 31511 | Orc:2    | Found Ofudoceps's Armour Emporium.
 31514 | Orc:2    | Found Joefeina's Antique Armour Shoppe.
 31515 | Orc:2    | Found Aptewao's Assorted Antiques.
 31516 | Orc:2    | Found Qanlip Soe's Weapon Emporium.
 31527 | Orc:2    | Bought 2 scrolls of blinking for 630 gold pieces
 31527 | Orc:2    | Bought a dyed leather armour for 84 gold pieces
 31868 | D:6      | Bought 3 scrolls of blinking for 247 gold pieces
 31868 | D:6      | Bought 3 scrolls of identify for 66 gold pieces
 31868 | D:6      | Identified a scroll of acquirement
 31876 | D:6      | Bought a scroll of identify for 22 gold pieces
 31876 | D:6      | Bought a scroll of identify for 22 gold pieces
 32074 | Shoals:1 | Entered Level 1 of the Shoals
 32237 | Shoals:1 | Found a frozen archway.
 32286 | IceCv    | Entered an ice cave
 33264 | Shoals:1 | Reached skill level 20 in Fighting
 34856 | Shoals:3 | Received a gift from Okawaru
 34880 | Shoals:3 | Slain by a snapping turtle

Skill      XL: |  1  2  3  4  5  6  7  8  9 10 11 12 13 14 15 16 |
---------------+-------------------------------------------------+-----
Long Blades    | 4 5 6 7 9 10 12 14 16 17 19 | 19.1
Fighting       | 3 4 6 7 8 10 12 15 16 19 20 | 20.0
Armour         | 2 5 |  5.0
Dodging        | 6 8 13 14 15 18 | 18.5
Invocations    | 1 5 7 |  7.0
Stealth        | 1 |  1.3
Throwing       | |  2.0

Action                   |  1- 3 |  4- 6 |  7- 9 | 10-12 | 13-15 | 16-18 || total
-------------------------+-------+-------+-------+-------+-------+-------++-------
Melee: Long sword        |    61 |    89 |   223 |       |       |       ||   373
       Headbutt          |    10 |    14 |    67 |   133 |   383 |   118 ||   725
       Falchion          |       |       |    70 |   172 |       |       ||   242
       Triple sword      |       |       |       |   309 |   504 |       ||   813
       Great sword       |       |       |       |       |   614 |   351 ||   965
       Rapier            |       |       |       |       |   234 |       ||   234
       Punch             |       |       |       |       |     4 |       ||     4
Throw: Javelin           |       |       |       |     5 |    31 |    21 ||    57
       Throwing net      |       |       |       |     1 |     4 |     2 ||     7
Invok: Heroism           |       |       |       |     4 |    18 |     5 ||    27
       Finesse           |       |       |       |     2 |     1 |     1 ||     4
 Abil: Evoke Invisibilit |       |       |       |       |     2 |       ||     2
  Use: Scroll            |       |     4 |     2 |     7 |    23 |    10 ||    46
       Potion            |       |       |       |     1 |     4 |     4 ||     9
 Stab: Sleeping          |       |       |       |     2 |    27 |     4 ||    33
       Distracted        |       |       |       |     2 |     3 |     2 ||     7
       Invisible         |       |       |       |       |     6 |       ||     6
       Held in net/web   |       |       |       |       |       |     2 ||     2
  Eat: Chunk             |     2 |     3 |     8 |    10 |    14 |     5 ||    42
       Pizza             |       |       |     1 |     3 |     3 |       ||     7
       Royal jelly       |       |       |     1 |     1 |     1 |       ||     3
       Meat ration       |       |       |     1 |     1 |     2 |     1 ||     5
       Fruit             |       |       |       |     3 |     9 |     3 ||    15
       Beef jerky        |       |       |       |       |    14 |       ||    14
Armor: Leather armour    |    18 |     1 |       |     2 |    39 |       ||    60
       Scale mail        |       |    33 |    62 |   181 |    16 |       ||   292
       Ring mail         |       |       |    26 |       |    97 |       ||   123
       Robe              |       |       |       |       |    10 |       ||    10
       Troll leather arm |       |       |       |       |    12 |    70 ||    82
Dodge: Dodged            |    40 |    50 |   183 |   291 |  1023 |   506 ||  2093
